 Dungeon Crawl Stone Soup version 0.28.0-45-g0d030f2227 (webtiles) character file.

Game seed: 139261067445942717

412 GigaChad the Slasher (level 6, -16/56 HPs)
             Began as a Minotaur Chaos Knight on Apr 12, 2022.
             Was a Plaything of Xom.
             Demolished by a gargoyle
             ... wielding a +0 morningstar
              (23 damage)
             ... on level 5 of the Dungeon.
             The game lasted 00:12:04 (3550 turns).

GigaChad the Slasher (Minotaur Chaos Knight)        Turns: 3550, Time: 00:12:05

Health: -16/56     AC: 15    Str: 17    XL:     6   Next: 59%
Magic:  5/5        EV:  9    Int:  9    God:    Xom [..*...]
Gold:   185        SH:  0    Dex: 11    Spells: 5/5 levels left

rFire   . . .      SeeInvis .   o - +4 quarterstaff (chaos)
rCold   . . .      Faith    .   (shield currently unavailable)
rNeg    . . .      Spirit   .   d - +0 plate armour
rPois   .          Reflect  .   (helmet restricted)
rElec   .          Harm     .   (no cloak)
rCorr   .          Rampage  .   (no gloves)
Will    .....                   (no boots)
Stlth   ..........              (no amulet)
HPRegen 0.18/turn               w - +4 ring of evasion
MPRegen 0.09/turn               s - +4 ring of protection

@: no status effects
A: horns 2, retaliatory headbutt
a: Renounce Religion


You were on level 5 of the Dungeon.
You worshipped Xom.
You were a toy of Xom.
You visited 1 branch of the dungeon, and saw 5 of its levels.

You collected 185 gold pieces.

Inventory:

Hand Weapons
 a - a +0 falchion of chaos
 n - a +2 mace of protection
 o - a +4 quarterstaff of chaos (weapon)
 x - a +0 shortbow
 z - a +1 short sword of draining
Missiles
 h - 38 arrows
 i - 7 poisoned darts (quivered)
 j - 53 bolts
Armour
 b - a +2 leather armour
 d - a +0 plate armour (worn)
 m - a +0 chain mail
 p - a +0 cloak
Magical Staves
 g - a staff of air
Jewellery
 c - a ring of protection from fire
 s - a +4 ring of protection (right hand)
 w - a +4 ring of evasion (left hand)
 B - a ring of poison resistance
 C - a ring of poison resistance
 F - a ring of protection from fire
Wands
 A - a wand of paralysis (10)
Scrolls
 f - a scroll of fog
 k - a scroll of noise {unknown}
 l - a scroll of blinking {unknown}
 q - a scroll of fear
 u - a scroll of vulnerability {unknown}
 y - a scroll of immolation
 D - a scroll of identify
 E - a scroll of enchant weapon {unknown}
Potions
 e - a potion of brilliance
 r - a potion of heal wounds {unknown}
 t - a potion of curing {unknown}
 v - a potion of magic


   Skills:
 + Level 5.2 Fighting
 + Level 5.8 Long Blades
 + Level 3.5 Staves
 + Level 4.2 Armour
 + Level 2.2 Dodging
 + Level 0.1 Stealth


You had 5 spell levels left.
You didn't know any spells.
Your spell library contained the following spells:

 Spells                   Type           Power      Damage    Failure   Level
 Ensorcelled Hibernation  Hex/Ice        0%         N/A       100%        2
 Passwall                 Tmut/Erth      0%         N/A       100%        2
 Swiftness                Air            0%         N/A       100%        3


Dungeon Overview and Level Annotations

Branches:
Dungeon (5/15)             Temple (0/1) D:5

Altars:
Fedhas
Hepliaklqana
Makhleb
Ru

Annotations:
D:3 Terence
D:4 exclusion: oklob plant


Innate Abilities, Weirdness & Mutations

You have a pair of horns on your head.
You reflexively headbutt those who attack you in melee.


Message History

There is an escape hatch in the ceiling here.
There is a stone staircase leading down here.
You climb downwards.
You hear the sound of rushing water.
There is an entrance to a sewer on this level.
Hurry and find it before the portal rusts away!
Found 9 gold pieces.
There is a stone staircase leading up here.
You now have 185 gold pieces (gained 9).
Found a scroll labelled HEYNOCZICEO.
A gargoyle comes into view. It is wielding a +0 morningstar.
A water moccasin comes into view.
The water moccasin hisses angrily.
Xom grants you insight.
You feel aware of your surroundings.
The gargoyle hurls a stone arrow at you.
The stone arrow hits you!
Found a staircase to the Ecumenical Temple.
The gargoyle hurls a stone arrow at you.
The stone arrow hits you!
You see here a scroll labelled HEYNOCZICEO.
The water moccasin bites you.
The gargoyle hits you with a +0 morningstar!!
* * * LOW HITPOINT WARNING * * *
The water moccasin closely misses you.
You hit the gargoyle but do no damage.
The gargoyle suddenly seems more agile.
The gargoyle hits you with a +0 morningstar.
* * * LOW HITPOINT WARNING * * *
The water moccasin barely misses you. The gargoyle barely misses you.
You closely miss the gargoyle.
The water moccasin bites you but does no damage. x2
The gargoyle closely misses you. You furiously retaliate!
You headbutt the gargoyle. You sock the gargoyle! You burn the gargoyle.
The gargoyle is heavily damaged. "See what I see, my child!"
You detect items!
The water moccasin bites you but does no damage.
The gargoyle hits you with a +0 morningstar!!
You die...
Xom cackles wildly!

#........## #...#,
.........###...#* *
#..##.....#..# * ≈
#..*#.......###### *
..,*#...##........**,≈
,,,#...#......... ∆
,,,.##..#......#+#. ,
, , ,, #....##?.#..+
,, ,,, ......9@#...#+
,,*** ,,
.......S..#.....,
,,,.⌠........#.#...
,,.......#.#*...#.,***
>.⌠.... .#,.##. ,,* ,
.......,.., # ,,
,⌠...... ..,,,, * , ,
......# .#. , * ** , ,
∆, ,, , ,*,, **


You could see a water moccasin and a gargoyle (agile).

Vanquished Creatures
  A centaur (D:3)
  The ghost of NinjaNoafa the Ruffian, a weakling DrTm (D:3)
  A hound (D:4)
  Crazy Yiuf (D:2)
  Jessica (D:3)
  3 iguanas (D:4)
  A hound skeleton (D:4)
  5 adders
  2 adder skeletons (D:4)
  4 worms
  5 ball pythons
  7 endoplasms
  6 giant cockroaches
  5 goblins
  5 hobgoblins
  4 jackals (D:1)
  5 quokkas
  3 bats
  3 frilled lizards
  7 kobolds
  11 rats
81 creatures vanquished.

Vanquished Creatures (others)
  A fungus (D:4)
  2 plants (D:4)
3 creatures vanquished.

Grand Total: 84 creatures vanquished

Notes
Turn   | Place    | Note
-------+----------+-------------------------------------------
     0 | D:1      | GigaChad the Minotaur Chaos Knight began the quest for the
                  | Orb.
     0 | D:1      | Reached XP level 1. HP: 19/19 MP: 0/0
    36 | D:1      | XOM: potion effect (might)
   131 | D:1      | Reached XP level 2. HP: 27/27 MP: 1/1
   539 | D:1      | Found a faded altar of an unknown god.
   786 | D:2      | Reached XP level 3. HP: 17/33 MP: 2/2
  1092 | D:2      | Found a hazy altar of Hepliaklqana.
  1146 | D:2      | Found a runed translucent door.
  1147 | D:2      | Noticed Crazy Yiuf
  1154 | D:2      | Killed Crazy Yiuf
  1155 | D:2      | Reached skill level 5 in Long Blades
  1155 | D:2      | Reached XP level 4. HP: 36/41 MP: 3/3
  1531 | D:2      | XOM: summons 2 hostile shadow creatures
  1903 | D:3      | Found a runed translucent door.
  1905 | D:3      | Noticed a centaur
  1905 | D:3      | Noticed NinjaNoafa's ghost (weakling DrTm)
  1907 | D:3      | XOM: noise
  1913 | D:3      | XOM: confusion (+ monsters)
  2037 | D:3      | Found a faded altar of an unknown god.
  2040 | D:3      | Noticed Terence
  2042 | D:3      | Found a burning altar of Makhleb.
  2106 | D:3      | XOM: divination: detect items
  2110 | D:3      | Killed NinjaNoafa's ghost
  2111 | D:3      | Reached skill level 1 in Staves
  2111 | D:3      | Reached XP level 5. HP: 19/47 MP: 4/4
  2117 | D:3      | Killed a centaur
  2601 | D:3      | Noticed Jessica
  2608 | D:3      | Killed Jessica
  2609 | D:3      | Reached skill level 5 in Fighting
  2609 | D:3      | Reached XP level 6. HP: 55/56 MP: 5/5
  2854 | D:4      | XOM: 1-stop teleportation journey
  2912 | D:4      | Found a sacrificial altar of Ru.
  3278 | D:4      | Found a blossoming altar of Fedhas.
  3295 | D:4      | Noticed an oklob plant
  3374 | D:4      | XOM: silly message
  3527 | D:5      | Entered Level 5 of the Dungeon
  3541 | D:5      | Noticed a gargoyle
  3543 | D:5      | Noticed a water moccasin
  3544 | D:5      | XOM: divination: magic mapping
  3546 | D:5      | Found a staircase to the Ecumenical Temple.
  3550 | D:5      | XOM: divination: detect items
  3550 | D:5      | Demolished by a gargoyle

Illustrated notes

Levels and vault maps discovered:
D:1:      dpeg_arrival_pond, layout_loops_ring,
          shapermc_ecumenical_altar_totnotflames
D:2:      layout_loops_ring, basic_altar, minmay_misc_feat_rugged,
          minmay_vboxes, uniq_crazy_yiuf_cottage
D:3:      layout_basic, nicolae_overflow_ecumenical_swirl,
          ebering_ghost_inner_flame, uniq_terence, uniq_jessica
D:4:      layout_loops_ring, tgw_fedhas, nicolae_ru_sacrificial_ziggurat,
          minmay_pentomino_pile
D:5:      layout_layer_cave, general_overflow_altar, temple_fountains,
          serial_shops, nicolae_shop_advertising_works
          [nicolae_subvault_shop_adworks], kennysheep_mini_moat,
          gup_sewer_entry_bowl, kennysheep_small_circle

Skill      XL: |  1  2  3  4  5  6 |
---------------+-------------------+-----
Long Blades    | 4 5 |  5.8
Fighting       | 4 5 |  5.2
Armour         | 3 4 |  4.2
Dodging        | 2 |  2.2
Staves         | 1 2 3 |  3.5
Stealth        | |  0.1

Action                   |  1- 3 |  4- 6 || total
-------------------------+-------+-------++-------
Melee: Falchion          |    70 |       ||    70
       Headbutt          |    10 |    14 ||    24
       Punch             |     1 |       ||     1
       Quarterstaff      |       |   113 ||   113
  Use: Scroll            |       |     4 ||     4
Armor: Leather armour    |    23 |       ||    23
       Chain mail        |     2 |    38 ||    40
       Plate armour      |       |    49 ||    49
Dodge: Dodged            |    48 |    65 ||   113
